Map: Kairos Junction LE

Players

mikka - Winner!

  • Race: Zerg Zerg
  • League: Diamond
  • Spawn Location: 5:00

A.I. 1 (Medium)

  • Race: Terran Terran
  • Spawn Location: 11:00

VOD

Have the link to the VOD?

Description

Time

  • Played on: March 30, 2019, 7:31 a.m.
  • Length: 5:11
Show
View Real Time Build Order
Export as new Build Order

mikka Zerg - Winner!

Build Orders: Hatch First 

Get SALT Encoding   

  12  0:01  Drone  
  13  0:12  Overlord  
  13  0:17  Drone  
  14  0:30  Drone x2  
  14  0:34  Drone  
  17  0:52  Hatchery  
  17  0:55  Drone  
  17  0:58  Drone  
  18  1:09  Extractor  
  17  1:13  Spawning Pool  
  17  1:16  Drone  
  17  1:32  Drone x2  
  19  1:42  Overlord  
  19  1:50  Drone  
  20  2:00  Zergling x2  
  21  2:04  Queen  
  21  2:07  Zergling x2  
  24  2:08  Lair  
  24  2:12  Zergling x2  
  26  2:15  Zergling x2  
  26  2:21  Drone  
  27  2:28  Drone  
  28  2:32  Overlord  
  28  2:40  Zergling x2, Queen  
  31  2:45  Metabolic Boost  
  31  3:07  Queen  
  31  3:08  Zergling x12  
  39  3:15  Queen  
  39  3:19  Overlord  
  41  3:42  Nydus Network  
  41  3:48  Queen  
  40  3:51  Zergling x4, Queen  
  40  3:55  Overlord  
  46  3:57  Zergling x2  
  47  4:04  Zergling x4  
  47  4:07  Zergling x2  
  50  4:14  Zergling x4  
  52  4:18  Nydus Canal  
  52  4:29  Zergling x6  
  52  4:31  Zergling x2  
  56  4:33  Nydus Canal  
  49  4:46  Zergling x10  
  53  4:53  Zergling x2  
Show
View Real Time Build Order
Export as new Build Order

A.I. 1 (Medium) Terran 

Build Orders:  

Get SALT Encoding   

  12  0:00  SCV  
  13  0:13  SCV  
  14  0:18  Supply Depot  
  14  0:25  SCV  
  15  0:39  SCV  
  16  0:43  Barracks  
  16  0:49  Refinery  
  16  0:51  SCV  
  17  1:03  SCV  
  18  1:17  Supply Depot  
  18  1:29  Marine  
  19  1:34  Orbital Command, Barracks  
  19  1:44  Refinery  
  19  1:49  Barracks Tech Lab  
  19  2:06  Marine  
  20  2:10  Supply Depot  
  20  2:24  Marine  
  20  2:29  Marine  
  22  2:42  Marine  
  23  2:50  Supply Depot  
  23  2:51  Marine  
  24  2:55  SCV  
  25  3:01  Marine  
  26  3:08  SCV  
  26  3:12  Marine  
  28  3:13  Engineering Bay  
  28  3:20  SCV  
  28  3:23  Marauder  
  31  3:32  SCV  
  31  3:34  Marine  
  33  3:44  SCV  
  33  3:45  Marauder  
  33  3:46  Supply Depot  
  36  3:55  Marine  
  36  3:56  SCV  
  38  4:06  Marine  
  39  4:25  Marauder  
  32  4:46  Marauder  
  32  4:48  SCV  
  32  4:51  Marine  
Tags
 
Add a new tag
Caveats
  • Supply blocks, unpowered buildings, or Contaminate may cause inaccurate times.
  • Supply counts are checked every 10 seconds.